Unix NetHack Version 5.0.0-0 post-release - last build May 10 2026 23:12:36 (d1fa5d53e341ca933230fdaa984d921c805b60aa,branch:main).

Game began 2026-05-12 01:52:10, ended 2026-05-12 06:35:05.

7spoons, lawful female human Valkyrie

                                                                          ----
                                                                        ##-.[|
                                                                        # |.[|
                                                    --.-.---------  ##### |..|
                                                    ...........^a| ##     |.[|
                                                    |...<........@##      ----
                                                    |.........a..|
                                                    --------------

7spoons the Fighter         St:13 Dx:11 Co:18 In:9 Wi:10 Ch:9  Lawful
Dlvl:7  $:75 HP:0(66) Pw:17(17) AC:-2 Xp:7 T:7576 

Latest messages:
 You see here an orcish chain mail (for sale, 100 zorkmids).
 You see here a polished silver shield (for sale, 67 zorkmids).
 You see here a piece of cloth (for sale, 107 zorkmids).
 You see here a polished silver shield (for sale, 67 zorkmids).
 "For you, most gracious lady; only 67 zorkmids for this polished silver shield."
 f - a polished silver shield (unpaid, 67 zorkmids).
 You bought a polished silver shield for 67 gold pieces.
 "Thank you for shopping in Makharadze's used armor dealership!"
 What do you want to take off? [cgyz or ?*]
 You were wearing an uncursed +3 small shield.
 What do you want to wear? [cf or ?*]
 You are now wearing a polished silver shield.
 Pick a monster, object or location.
 You hit the soldier ant.
 The soldier ant misses!
 The soldier ant stings!
 The soldier ant bites!
 The soldier ant misses!
 Suddenly, the soldier ant falls into a hole.
 You hit the soldier ant.
 The soldier ant bites!
 The soldier ant stings!
 The soldier ant bites!
 The soldier ant misses!
 You miss the soldier ant.
 The soldier ant bites!
 The soldier ant misses!
 Suddenly, the soldier ant falls into a hole.
 You miss the soldier ant.
 The soldier ant bites!
 The soldier ant misses!
 The soldier ant bites!
 The soldier ant stings!
 You hit the soldier ant!
 The soldier ant turns to flee.
 The soldier ant bites!
 The soldier ant stings!
 You hit the soldier ant!
 The soldier ant bites!
 The soldier ant stings!
 The soldier ant bites!
 The soldier ant stings!
 The soldier ant's sting was poisoned!
 The poison doesn't seem to affect you.
 You die...
 Do you want your possessions identified? [ynq] (y)
 Do you want to see your attributes? [ynq] (y)
 Do you want an account of creatures vanquished? [ynaq] (y)
 Do you want to see your conduct and achievements? [ynq] (y)
 Do you want to see the dungeon overview? [ynq] (y)

Inventory:
 Coins    ('$')
  $ - 75 gold pieces
 Weapons  (')')
  b - 13 +0 daggers (at the ready)
  d - 3 +0 elven daggers
  a - a +1 spear (weapon in right hand)
 Armor    ('[')
  y - an uncursed +0 dwarvish iron helm (being worn)
  z - a blessed +0 pair of iron shoes (being worn)
  f - an uncursed +0 shield of reflection (being worn)
  c - an uncursed +3 small shield
  g - an uncursed +0 dwarvish cloak (being worn)
  B - an uncursed +0 dwarvish mithril-coat (being worn)
 Comestibles  ('%')
  v - 2 uncursed lembas wafers
  N - an uncursed tripe ration
  L - an uncursed lizard corpse
 Scrolls  ('?')
  H - a blessed scroll of amnesia
  I - an uncursed scroll of identify
  U - a blessed scroll of magic mapping
  x - an uncursed scroll of magic mapping
  m - an uncursed scroll of remove curse
  h - an uncursed scroll of teleportation
 Potions  ('!')
  D - an uncursed potion of confusion
  s - an uncursed potion of full healing
  E - an uncursed potion of hallucination
  F - an uncursed potion of healing
  l - an uncursed potion of object detection
 Rings    ('=')
  t - an uncursed ring of fire resistance
 Wands    ('/')
  R - a wand of digging (0:4)
  q - a wand of fire (0:7)
  r - a wand of light (0:9)
 Tools    ('(')
  w - an uncursed magic whistle
  e - an uncursed oil lamp
  k - an uncursed skeleton key

7spoons the Valkyrie's attributes:

Background:
 You were a Fighter, a level 7 human Valkyrie.
 You were lawful, on a mission for Tyr
 who was opposed by Odin (neutral) and Loki (chaotic).
 You were right-handed.
 You were in the Dungeons of Doom, on level 7.
 You entered the dungeon 7576 turns ago.
 You had 958 experience points, 322 more were needed to attain level 8.

Basics:
 You had 0 out of 66 hit points.
 You had all 17 energy points (spell power).
 Your armor class was -2.
 Your wallet contained 75 zorkmids.
 Autopickup was off.

Final Characteristics:
 Your strength was 13 (peak:18/01, limit:18/100).
 Your dexterity was 11 (limit:18).
 Your constitution was 18 (limit:18).
 Your intelligence was 9 (limit:18).
 Your wisdom was 10 (limit:18).
 Your charisma was 9 (limit:18).

Final Status:
 You weren't hungry.
 You were unencumbered.
 You were wielding a spear.
 You had basic skill with spear and could have enhanced that.

Final Attributes:
 You were piously aligned.
 Your items were somewhat protected from fire.
 You were cold resistant.
 Your items were somewhat protected from cold.
 You were poison resistant.
 You were telepathic.
 You were stealthy.
 You were guarded.
 You were fast.
 You had reflection.
 You are dead.

Miscellaneous:
 You didn't encounter any bones levels.
 Total elapsed playing time was 2 hours, 15 minutes and 58 seconds.

Major events:
 Turn
    1: 7spoons the lawful human Valkyrie entered the dungeon
 1024: entered the Gnomish Mines
 1912: attained the rank of Skirmisher (level 3)
 2358: reached Mine Town
 4272: attained the rank of Fighter (level 6)
 7576: killed by a soldier ant

You didn't know any spells.

Skills:
 Fighting Skills
   bare handed combat [Unskilled]
   two weapon combat  [Unskilled]
   riding             [Unskilled]
 Weapon Skills
   dagger             [Basic]
   axe                [Unskilled]
   pick-axe           [Unskilled]
   short sword        [Unskilled]
   broadsword         [Unskilled]
   long sword         [Unskilled]
   two-handed sword   [Unskilled]
   saber              [Unskilled]
   hammer             [Unskilled]
   quarterstaff       [Unskilled]
   polearms           [Unskilled]
   spear              [Basic]
   trident            [Unskilled]
   lance              [Unskilled]
   sling              [Unskilled]
 Spellcasting Skills
   attack spells      [Unskilled]
   escape spells      [Unskilled]

Voluntary challenges:
 Character rerolling was not enabled.
 You never genocided any monsters.
 You never polymorphed an object.
 You never changed form.
 You used no wishes.
Achievements:
 You entered the Gnomish Mines.
 You entered a shop.
 You attained the rank of Skirmisher.
 You entered Minetown.
 You entered a temple.
 You attained the rank of Fighter.

 The Dungeons of Doom: levels 1 to 7
    Level 1:
       Some fountains.
    Level 2:
    Level 3:
       A food shop, an altar to Tyr.
       Stairs down to The Gnomish Mines.
    Level 4:
       Many fountains.
    Level 5:
       A fountain.
    Level 6:
       A general store, a fountain.
    Level 7: <- You were here.
       An armor shop.
       Final resting place for
          you, killed by a soldier ant.
 The Gnomish Mines: levels 4 to 9
    Level 4:
    Level 5:
    Level 6:
       Many shops, a temple and an altar to Tyr, some fountains, some trees.
    Level 7:
    Level 8:
    Level 9:


Vanquished creatures:
  a warg
  2 small mimics
  a large dog
  a watchman
  2 wolves
 an iron piercer
  a giant spider
  a dwarf mummy
  a werewolf
  a lizard
  a dog
  a housecat
  2 blue jellies
  a dust vortex
  2 snakes
  a Woodland-elf
  a soldier ant
  a rock piercer
  a rock mole
  a yellow light
  2 shriekers
 14 gnome leaders
  2 gnomish wizards
  4 elf zombies
 11 giant ants
  a floating eye
  a kitten
 15 dwarves
  a homunculus
  a kobold shaman
  9 hill orcs
  a rothe
  a centipede
  4 giant bats
  2 iguanas
  4 acid blobs
  3 coyotes
  a gas spore
  4 hobbits
  5 manes
  a hobgoblin
  6 giant rats
  2 cave spiders
  a yellow mold
  a green mold
 50 gnomes
  7 geckos
  8 jackals
  2 foxes
  3 kobolds
  3 goblins
  5 sewer rats
  5 grid bugs
  a bat
  5 lichens
  a kobold zombie
  6 newts
217 creatures vanquished.

No species were genocided or became extinct.

Game over:
                       ----------
                      /          \
                     /    REST    \
                    /      IN      \
                   /     PEACE      \
                  /                  \
                  |     7spoons      |
                  |      75 Au       |
                  |   killed by a    |
                  |   soldier ant    |
                  |                  |
                  |                  |
                  |       2026       |
                 *|     *  *  *      | *
        _________)/\\_//(\/(/\)/\//\/|_)_______

Farvel 7spoons the Valkyrie...

You died in The Dungeons of Doom on dungeon level 7 with 4330 points,
and 75 pieces of gold, after 7576 moves.
You were level 7 with a maximum of 66 hit points when you died.

